 Dungeon Crawl Stone Soup version 0.30-a0-476-g330ca2eb8e (webtiles) character file.

Game seed: 6025627900500583640

3515 Bnni the Scholar of Death (level 9, -5/69 (71) HPs)
             Began as a Demonspawn Necromancer on Dec 21, 2022.
             Was a Follower of Kikubaaqudgha.
             Slain by a wight
             ... wielding a +3 scimitar
              (13 damage)
             ... on level 7 of the Dungeon.
             The game lasted 00:12:27 (6636 turns).

Bnni the Scholar of Death (Demonspawn Necromancer)  Turns: 6636, Time: 00:12:28

HP:   -5/69 (71)    AC:  9    Str:  8    XL:     9   Next: 81%
MP:   18/18         EV: 12    Int: 21    God:    Kikubaaqudgha [*.....]
Gold: 342           SH:  0    Dex: 14    Spells: 13/21 levels left

rFire   . . .      SeeInvis .    L - +2 dagger (pain)
rCold   . . .      Faith    .    G - orb {light}
rNeg    . . .      Spirit   .    s - +0 leather armour {rPois}
rPois   +          Reflect  +    (no helmet)
rElec   .          Harm     .    o - +1 cloak {Will+}
rCorr   .          Rampage  .    (no gloves)
Will    +....                    (no boots)
Stlth   +.........               h - amulet of reflection
HPRegen 0.31/turn                d - +4 ring of protection
MPRegen 0.32/turn                K - +4 ring of slaying

@: confused, ambrosia-drunk, animating dead (expiring), glowing, lightly drained
A: hooves 1, magic regeneration, sturdy frame 2
a: Renounce Religion, Unearth Wretches


You were on level 7 of the Dungeon.
You worshipped Kikubaaqudgha.
Kikubaaqudgha was aware of your devotion.
You visited 2 branches of the dungeon, and saw 9 of its levels.

You collected 342 gold pieces.

Inventory:

Hand Weapons
 j - a +3 spear of venom
 L - a +2 dagger of pain (weapon)
Missiles
 r - a throwing net
 J - 12 poisoned darts
 O - 2 boomerangs of dispersal
Armour
 o - a +1 cloak of willpower (worn)
 s - a +0 leather armour of poison resistance (worn)
 G - an orb of light (worn)
 H - a +1 ring mail of positive energy
 M - a +0 pair of boots
Magical Staves
 k - a staff of earth
Jewellery
 d - a +4 ring of protection (left hand)
 h - an amulet of reflection (around neck)
 K - a +4 ring of slaying (right hand)
 N - an amulet of the acrobat
Wands
 E - a wand of mindburst (19)
Scrolls
 a - 4 scrolls of fog
 f - a scroll of enchant armour
 g - 2 scrolls of fear
 l - a scroll of vulnerability
 q - 5 scrolls of teleportation
 t - a scroll of immolation {unknown}
 v - a scroll of poison {unknown}
 w - 2 scrolls of identify {unknown}
 x - a scroll of butterflies {unknown}
 y - a scroll of magic mapping {unknown}
 z - a scroll of enchant weapon
 I - a scroll of silence {unknown}
Potions
 b - a potion of magic
 e - 2 potions of lignification {unknown}
 i - 2 potions of attraction {unknown}
 m - 5 potions of curing {unknown}
 n - 2 potions of cancellation {unknown}
 p - 3 potions of flight {unknown}
 u - 3 potions of haste {unknown}
 A - 4 potions of degeneration {unknown}
 B - a potion of berserk rage {unknown}
 C - 3 potions of mutation {unknown}
 D - a potion of heal wounds {unknown}
 F - a potion of might {unknown}


   Skills:
 + Level 6.8 Fighting
 - Level 1.7 Dodging
 - Level 1.7 Stealth
 + Level 6.6 Spellcasting
 * Level 11.6 Necromancy
 + Level 1.8 Earth Magic


You had 13 spell levels left.
You knew the following spells:

 Your Spells              Type           Power      Damage    Failure   Level
a - Necrotise             Necr           100%       1d9       1%          1
c - Vampiric Draining     Necr           54%        2d9       1%          3
d - Animate Dead          Necr           54%        N/A       1%          4

Your spell library contained the following spells:

 Spells                   Type           Power      Damage    Failure   Level
 Sublimation of Blood     Necr           54%        N/A       1%          2
 Cigotuvi's Dreadful Rot  Necr/Pois/Air  46%        N/A       2%          2
 Agony                    Necr           54%        N/A       2%          5


Dungeon Overview and Level Annotations

Branches:
Dungeon (8/15)             Temple (1/1) D:6
   Lair: D:8-11

Altars:
Ashenzari
Cheibriados
Dithmenos
Fedhas
Gozag
Hepliaklqana
Kikubaaqudgha
Makhleb
Okawaru
Qazlal
Ru
Sif Muna
Trog
Uskayaw
Vehumet
Wu Jian
Xom
Yredelemnul

Shops:
D:1 [


Innate Abilities, Weirdness & Mutations

You have large cloven feet.
You regenerate magic rapidly.
Your movements are less encumbered by armour. (ER -4)


Message History

You block the wight's attack.
You hit the wight but do no damage. The wight completely misses you.
You hit the wight.
The wight is lightly damaged.
You block the wight's attack.
You hit the wight. Your kick misses the wight.
The wight is lightly damaged.
You block the wight's attack.
You hit the wight.
The wight is moderately damaged.
The wight hits you with a +3 scimitar!
* * * LOW HITPOINT WARNING * * *
You feel drained.
* * * LOW HITPOINT WARNING * * *
You are confused.
You feel invigorated. The wight closely misses you.
Your reaping aura is weakening.
The wight hits you with a +3 scimitar!
* * * LOW HITPOINT WARNING * * *
Things that are here:
a +0 flail; a +0 club You hit the wight but do no damage.
You kick the wight.
The wight is heavily damaged.
The wight hits you with a +3 scimitar!
* * * LOW HITPOINT WARNING * * *
Unknown command.
The wight hits you with a +3 scimitar.
* * * LOW HITPOINT WARNING * * *
There is a stone staircase leading down, spattered with blood here.
Unknown command.
Okay, then.
Press: ? - help, v - describe, . - travel
Here: a wight, wielding a +3 scimitar and wearing a +0 robe (heavily damaged, haloed)
The floor.
Unknown command.
You are too confused!
Okay, then.
You're too confused to move!
The wight hits you with a +3 scimitar!
You die...
Kikubaaqudgha rasps: "You have failed me!
Welcome... death!" #######.#ZZZZZ.ZZZZZ.ZZZZ

#.ZZ......#####....######
#Z###.....# #....#
#.###.....# #....# ####
#....<....# #....# #...
########.....#####....#
#...
#.Z..........#........#
#...
#Z######...z.#........#
#... #Z# #...@)[[.......#
#... #Z# #....[#........#
#... #.# #.....#Z.......#
#... #Z#
#.....####....####... #Z#
####.....# ###.....#...
##.###.......|#
##.##.#.Z.
#..Z.#.#####.## #.##...ZZ
###Z##.# #.# #.....Z##
#.##Z#
###.########.##.#Z##


You could see a wight.

Vanquished Creatures
  Grinder (D:3)
  Grum (D:8)
  2 water moccasins
  4 ice beasts
  2 black bears (D:6)
  4 wolves (D:8)
  2 sky beasts (D:7)
  An ogre (D:6)
  3 phantoms (D:6)
  Blork the orc (D:5)
  A necrophage (D:7)
  A kobold brigand (D:8)
  A bullfrog (D:8)
  3 scorpions
  A wight (D:8)
  2 howler monkeys
  A jelly (D:7)
  3 orc priests
  Crazy Yiuf (D:2)
  3 hounds
  Jessica (D:2)
  3 iguanas
  10 orc wizards
  2 gnolls (D:5)
  5 adders
  A shadow imp (D:7)
  2 white imps
  2 ufetubi (D:5)
  A worm (D:4)
  3 dart slugs
  30 orcs
  6 bats
  9 endoplasms
  3 giant cockroaches
  6 goblins
  3 hobgoblins
  2 jackals (D:3)
  10 kobolds
  2 quokkas
  12 ball pythons
  5 frilled lizards
  A goblin skeleton (D:7)
  A goblin zombie (D:7)
  An orc skeleton (D:7)
  2 orc zombies (D:7)
  5 rats
166 creatures vanquished.

Vanquished Creatures (collateral kills)
  Prince Ribbit (D:6)
  A jelly (D:8)
  A gnoll (D:5)
  A dart slug (D:4)
  An orc (D:6)
  A kobold (D:2)
6 creatures vanquished.

Vanquished Creatures (others)
  A wolf zombie (D:8)
  A jelly zombie (D:8)
  A kobold (D:8)
  4 kobold zombies (D:8)
  6 orc zombies
13 creatures vanquished.

Grand Total: 185 creatures vanquished

Notes
Turn   | Place    | Note
-------+----------+-------------------------------------------
     0 | D:1      | Bnni the Demonspawn Necromancer began the quest for the
                  | Orb.
     0 | D:1      | Reached XP level 1. HP: 13/13 MP: 3/3
   232 | D:1      | Found Onecler's Armour Shop.
   302 | D:1      | Gained mutation: You have large cloven feet. [demonic
                  | ancestry]
   302 | D:1      | Reached XP level 2. HP: 20/20 MP: 3/5
   448 | D:1      | Found a faded altar of an unknown god.
  1061 | D:1      | Reached skill level 1 in Fighting
  1190 | D:2      | Noticed Jessica
  1192 | D:2      | Reached skill level 5 in Necromancy
  1209 | D:1      | Reached XP level 3. HP: 26/26 MP: 2/6
  1275 | D:2      | Killed Jessica
  1423 | D:2      | Found a runed translucent door.
  1424 | D:2      | Noticed Crazy Yiuf
  1434 | D:2      | Killed Crazy Yiuf
  1435 | D:2      | Gained mutation: Your movements are slightly less
                  | encumbered by armour. (ER -2) [demonic ancestry]
  1435 | D:2      | Reached XP level 4. HP: 12/33 MP: 6/8
  1576 | D:2      | Learned a level 3 spell: Vampiric Draining
  1581 | D:2      | Learned a level 4 spell: Animate Dead
  2258 | D:3      | Gained mutation: You regenerate magic rapidly. [demonic
                  | ancestry]
  2258 | D:3      | Reached XP level 5. HP: 38/38 MP: 9/9
  2264 | D:3      | Noticed Grinder
  2271 | D:3      | Paralysed by Grinder for 4 turns
  2281 | D:3      | Killed Grinder
  2282 | D:3      | Reached skill level 6 in Necromancy
  2282 | D:3      | Gained mutation: Your movements are less encumbered by
                  | armour. (ER -4) [demonic ancestry]
  2282 | D:3      | Reached XP level 6. HP: 46/46 MP: 9/11
  2750 | D:4      | Reached skill level 7 in Necromancy
  2892 | D:4      | Found a burning altar of Makhleb.
  3294 | D:4      | Reached XP level 7. HP: 50/52 MP: 12/12
  3366 | D:5      | Entered Level 5 of the Dungeon
  3614 | D:5      | Noticed Blork the orc
  3625 | D:5      | Killed Blork the orc
  4024 | D:5      | Reached skill level 8 in Necromancy
  4360 | D:6      | Noticed Prince Ribbit
  4373 | D:6      | Reached XP level 8. HP: 42/61 MP: 11/15
  4377 | D:6      | Killed Prince Ribbit
  4417 | D:6      | Reached skill level 5 in Spellcasting
  4417 | D:6      | Reached skill level 9 in Necromancy
  4669 | D:6      | Reached skill level 5 in Fighting
  4758 | D:6      | Found a staircase to the Ecumenical Temple.
  4780 | Temple   | Entered the Ecumenical Temple
  4839 | D:6      | Found an ancient bone altar of Kikubaaqudgha.
  4840 | D:6      | Found an iron altar of Okawaru.
  4853 | D:6      | Became a worshipper of Kikubaaqudgha
  5183 | D:7      | Reached skill level 10 in Necromancy
  5204 | D:7      | Reached XP level 9. HP: 69/69 MP: 17/17
  5206 | D:7      | Found an opulent altar of Gozag.
  5547 | D:7      | Reached * piety under Kikubaaqudgha
  5547 | D:7      | Received a gift from Kikubaaqudgha
  6224 | D:8      | Reached skill level 11 in Necromancy
  6568 | D:8      | Noticed Grum
  6572 | D:8      | Reached skill level 1 in Earth Magic
  6607 | D:8      | Killed Grum
  6635 | D:7      | HP: 2/69 [wight/+3 scimitar (6)]
  6636 | D:7      | Slain by a wight

Illustrated notes

Levels and vault maps discovered:
D:1:      dpeg_arrival_prison, layout_basic, hellmonk_ecumenical_altar_run_dry,
          serial_shops, shop
D:2:      layout_loops_ring, minivault_27, minmay_domino_4,
          uniq_crazy_yiuf_cottage, uniq_jessica
D:3:      layout_rooms, minmay_door_square, hex_large, uniq_grinder
D:4:      layout_loops_ring, bloody_makhleb
D:5:      layout_loops_ring, uniq_blork_the_orc
D:6:      layout_loops_cross, chequers_temple_overflow_statue_of_worship,
          minmay_temple_entry_mist, grunt_ministairs_8, roderic_roman_lattice,
          uniq_prince_ribbit1
D:7:      layout_basic, mainiacjoe_overflow_small_starburst,
          nicolae_tso_besieged_by_evil
D:8:      layout_loops_ring, nemelex_spade_bored_becter, nicolae_diode_basic,
          uniq_grum
Temple:   nicolae_temple_no_exploring_needed

Skill      XL: |  1  2  3  4  5  6  7  8  9 |
---------------+----------------------------+-----
Fighting       | 1 2 3 4 5 6 |  6.8
Necromancy     | 5 6 7 8 10 11 | 11.6
Spellcasting   | 3 4 5 6 |  6.6
Earth Magic    | 1 |  1.8
Dodging        | |  1.7
Stealth        | |  1.7

Action                   |  1- 3 |  4- 6 |  7- 9 || total
-------------------------+-------+-------+-------++-------
Melee: Unarmed           |    10 |       |       ||    10
       Flail             |     8 |       |       ||     8
       Dagger            |    15 |       |    33 ||    48
       Kick              |     6 |    29 |    82 ||   117
       Punch             |     1 |       |       ||     1
       Spear             |     4 |   139 |   236 ||   379
Throw: Throwing net      |     1 |       |       ||     1
 Cast: Necrotise         |    41 |     6 |       ||    47
       Animate Dead      |       |     1 |     6 ||     7
       Vampiric Draining |       |       |    10 ||    10
  Use: Potion            |     1 |       |     1 ||     2
       Scroll            |       |       |     7 ||     7
 Stab: Sleeping          |       |     6 |     1 ||     7
       Distracted        |       |       |     1 ||     1
Armor: Robe              |    14 |     1 |       ||    15
       Leather armour    |       |    22 |    54 ||    76
Dodge: Dodged            |    46 |    66 |   113 ||   225
Block: Orb               |       |       |    32 ||    32
       Reflection        |       |       |     2 ||     2

Table legend: (Time is in decaauts)
 A = Elapsed time spent in this place.
 B = Non-inter-level travel time spent in this place.
 C = Inter-level travel time spent in this place.
 D = Time resting spent in this place.
 E = Time spent auto-exploring this place.
 F = Levels seen in this place.
 G = Mean time per level.
                   A        B        C        D        E       F      G
               +--------+--------+--------+--------+--------+-----+--------+
         Total |   6678 |   6410 |    268 |     48 |   5194 |   9 |  742.0 |
       Dungeon |   6676 |   6408 |    268 |     48 |   5194 |   8 |  834.5 |
        Temple |      1 |      1 |      0 |      0 |      0 |   1 |    1.0 |
               +--------+--------+--------+--------+--------+-----+--------+

Top non-repeatable levels by time:
     D:1: 1262 daAuts
     D:7: 1101 daAuts
     D:5: 955 daAuts
     D:2: 920 daAuts
     D:6: 821 daAuts
     D:4: 686 daAuts
     D:3: 511 daAuts
     D:8: 417 daAuts
  Temple: 1 daAuts
